3L
PANAMA CITY PIRANHAS @ SEATTLE ROCKETEERS
06/17/2038
 
TOP OF THE 1ST
Panama City Piranhas batting - Pitching for Seattle Rocketeers : RHP Ren-qing Weng
Pitching: RHP Ren-qing Weng
Batting: RHB Quindarious Monday 0-0: Fly out, F9 (Flyball, 9, EV 95.6 MPH)
Batting: RHB Bruno Williams 0-0: Called Strike
0-1: Ball
1-1: Called Strike
1-2: Foul Ball, location: 2F
1-2: Ball
2-2: Foul Ball, location: 2F
2-2: Ball
3-2: Strikes out looking
Batting: RHB Craig Tricket 0-0: Ball
1-0: Ball
2-0: Called Strike
2-1: Swinging Strike
2-2: Ball
3-2: Base on Balls
Batting: RHB Silvio Bonauiti 0-0: Foul Ball, location: 2F
0-1: Called Strike
0-2: Ball
1-2: Fly out, F8 (Line Drive, 8LD, EV 93.1 MPH)
Top of the 1st over - 0 runs, 0 hits, 0 errors, 1 left on base; Panama City 0 - Seattle 0
BOTTOM OF THE 1ST
Seattle Rocketeers batting - Pitching for Panama City Piranhas : RHP Román Mejía
Pitching: RHP Román Mejía
Batting: RHB Jurgen Flurgenburgen 0-0: Foul Ball, location: 2F
0-1: Ball
1-1: Ball
2-1: Ball
3-1: Base on Balls
Batting: RHB Bogumil Tiwontschik 0-0: Called Strike
0-1: Swinging Strike
0-2: Strikes out looking
Batting: RHB Meester Gobbles-Rooster 0-0: Fly out, F9 (Flyball, 9LSF, EV 92.5 MPH)
Batting: RHB Claudio Tappen 0-0: Called Strike
0-1: Foul Ball, location: 2F
0-2: Foul Ball, location: 2F
0-2: Ball
Jurgen Flurgenburgen steals 2nd base
1-2: Foul Ball, location: 2F
1-2: Ball
Wild Pitch!
Jurgen Flurgenburgen to third
2-2: Ball
3-2: Foul Ball, location: 2F
3-2: Ground out 4-3 (Groundball, 4, EV 101.2 MPH)
Bottom of the 1st over - 0 runs, 0 hits, 0 errors, 1 left on base; Panama City 0 - Seattle 0
TOP OF THE 2ND
Panama City Piranhas batting - Pitching for Seattle Rocketeers : RHP Ren-qing Weng
Batting: SHB Tom Dickinson 0-0: Called Strike
0-1: Swinging Strike
0-2: Strikes out swinging
Batting: SHB Ben Boston 0-0: Ball
1-0: Ball
2-0: Foul Ball, location: 2F
2-1: Foul Ball, location: 2F
2-2: Foul Ball, location: 2F
2-2: Fly out, F3 (Popup, 3F, EV 67.5 MPH)
Batting: RHB Petri Kallio 0-0: Ball
1-0: Foul Ball, location: 2F
1-1: Ball
2-1: Ball
3-1: Swinging Strike
3-2: Foul Ball, location: 2F
3-2: Foul Ball, location: 2F
3-2: Strikes out looking
Top of the 2nd over - 0 runs, 0 hits, 0 errors, 0 left on base; Panama City 0 - Seattle 0
BOTTOM OF THE 2ND
Seattle Rocketeers batting - Pitching for Panama City Piranhas : RHP Román Mejía
Batting: LHB Thierry Honoré 0-0: Fly out, F8 (Flyball, 8RS, EV 87.5 MPH)
Batting: RHB Alain Grosjean 0-0: Called Strike
0-1: Called Strike
0-2: Ball
1-2: Fly out, F8 (Flyball, 89S, EV 84.4 MPH)
Batting: LHB Juan Gutiérrez 0-0: Called Strike
0-1: Ball
1-1: Foul Ball, location: 2F
1-2: Fly out, F8 (Line Drive, 8RD, EV 102.5 MPH)
Bottom of the 2nd over - 0 runs, 0 hits, 0 errors, 0 left on base; Panama City 0 - Seattle 0
TOP OF THE 3RD
Panama City Piranhas batting - Pitching for Seattle Rocketeers : RHP Ren-qing Weng
Batting: LHB Nathan Tanner 0-0: Called Strike
0-1: Ball
1-1: Ball
2-1: Foul Ball, location: 2F
2-2: Foul Ball, location: 2F
2-2: Foul Ball, location: 2F
2-2: Strikes out swinging
Batting: LHB Murray Sperber 0-0: Called Strike
0-1: Ball
1-1: Called Strike
1-2: Strikes out looking
Batting: RHB Quindarious Monday 0-0: Ball
1-0: Ball
2-0: Ball
3-0: Called Strike
3-1: Ground out 5-3 (Groundball, 56S, EV 78.8 MPH)
Top of the 3rd over - 0 runs, 0 hits, 0 errors, 0 left on base; Panama City 0 - Seattle 0
BOTTOM OF THE 3RD
Seattle Rocketeers batting - Pitching for Panama City Piranhas : RHP Román Mejía
Batting: RHB José Jarca 0-0: SINGLE (Line Drive, 78S, EV 89.4 MPH)
Batting: RHB Andrés López 0-0: SINGLE (Groundball, 56D, EV 106.9 MPH)
José Jarca to second
Batting: RHB Jurgen Flurgenburgen 0-0: Ball
1-0: Swinging Strike
1-1: Foul Ball, location: 2F
1-2: Ball
2-2: Hit by Pitch
José Jarca to third
Andrés López to second
Batting: RHB Bogumil Tiwontschik 0-0: Ball
1-0: Ball
2-0: Ball
3-0: Base on Balls
José Jarca scores
Andrés López to third
Jurgen Flurgenburgen to second
Batting: RHB Meester Gobbles-Rooster 0-0: Ball
1-0: Swinging Strike
1-1: Called Strike
1-2: Foul Ball, location: 2F
1-2: Ball
2-2: Strikes out swinging
Batting: RHB Claudio Tappen 0-0: Ball
1-0: Swinging Strike
1-1: Grounds into double play, 6-4-3 (Groundball, 6, EV 97.5 MPH)
Bottom of the 3rd over - 1 run, 2 hits, 0 errors, 2 left on base; Panama City 0 - Seattle 1
TOP OF THE 4TH
Panama City Piranhas batting - Pitching for Seattle Rocketeers : RHP Ren-qing Weng
Batting: RHB Bruno Williams 0-0: Ground out 5-3 (Groundball, 56, EV 103.8 MPH)
Batting: RHB Craig Tricket 0-0: Fly out, F9 (Line Drive, 9, EV 103.8 MPH)
Batting: RHB Silvio Bonauiti 0-0: Called Strike
0-1: Ground out 6-3 (Groundball, 6, EV 87.5 MPH)
Top of the 4th over - 0 runs, 0 hits, 0 errors, 0 left on base; Panama City 0 - Seattle 1
BOTTOM OF THE 4TH
Seattle Rocketeers batting - Pitching for Panama City Piranhas : RHP Román Mejía
Batting: LHB Thierry Honoré 0-0: Called Strike
0-1: Called Strike
0-2: Strikes out looking
Batting: RHB Alain Grosjean 0-0: Fly out, F8 (Flyball, 89D, EV 100.6 MPH)
Batting: LHB Juan Gutiérrez 0-0: SINGLE (Line Drive, 6M, EV 100.0 MPH)
Batting: RHB José Jarca 0-0: Called Strike
0-1: Ball
1-1: Called Strike
1-2: Ball
2-2: Ball
3-2: Foul Ball, location: 2F
3-2: Strikes out swinging
Bottom of the 4th over - 0 runs, 1 hit, 0 errors, 1 left on base; Panama City 0 - Seattle 1
TOP OF THE 5TH
Panama City Piranhas batting - Pitching for Seattle Rocketeers : RHP Ren-qing Weng
Batting: SHB Tom Dickinson 0-0: Called Strike
0-1: Ball
1-1: Fly out, F6 (Flyball, 56D, EV 91.2 MPH)
Batting: SHB Ben Boston 0-0: Called Strike
0-1: Ball
1-1: Swinging Strike
1-2: Foul Ball, location: 2F
1-2: Ball
2-2: Ball
3-2: Base on Balls
Batting: RHB Petri Kallio 0-0: Ball
1-0: Grounds into double play, 6-4-3 (Groundball, 6, EV 100.0 MPH)
Top of the 5th over - 0 runs, 0 hits, 0 errors, 0 left on base; Panama City 0 - Seattle 1
BOTTOM OF THE 5TH
Seattle Rocketeers batting - Pitching for Panama City Piranhas : RHP Román Mejía
Batting: RHB Andrés López 0-0: Called Strike
0-1: Foul Ball, location: 2F
0-2: Ball
1-2: Ball
2-2: SINGLE (Line Drive, 3D, EV 102.5 MPH)
Batting: RHB Jurgen Flurgenburgen 0-0: Sac Bunt to 2R - play at first, batter OUT! 2-3
Andrés López to second
Batting: RHB Bogumil Tiwontschik 0-0: Foul Ball, location: 2F
0-1: Called Strike
0-2: Ball
1-2: Foul Ball, location: 2F
1-2: Ball
2-2: Strikes out swinging
Batting: RHB Meester Gobbles-Rooster 0-0: Ball
Wild Pitch!
Andrés López to third
1-0: Foul Ball, location: 2F
1-1: Ball
2-1: Foul Ball, location: 2F
2-2: Foul Ball, location: 2F
2-2: Foul Ball, location: 2F
2-2: Foul Ball, location: 2F
2-2: Ground out 4-3 (Groundball, 4MD, EV 103.8 MPH)
Bottom of the 5th over - 0 runs, 1 hit, 0 errors, 1 left on base; Panama City 0 - Seattle 1
TOP OF THE 6TH
Panama City Piranhas batting - Pitching for Seattle Rocketeers : RHP Ren-qing Weng
Batting: LHB Nathan Tanner 0-0: Ball
1-0: Called Strike
1-1: Ground out 6-3 (Groundball, 6, EV 88.8 MPH)
Batting: LHB Murray Sperber 0-0: Ball
1-0: Ball
2-0: Called Strike
2-1: Fly out, F8 (Line Drive, 8RD, EV 104.4 MPH)
Batting: RHB Quindarious Monday 0-0: Ball
1-0: Foul Ball, location: 2F
1-1: Ball
2-1: Foul Ball, location: 2F
2-2: Ball
3-2: Fly out, F9 (Flyball, 9D, EV 98.1 MPH)
Top of the 6th over - 0 runs, 0 hits, 0 errors, 0 left on base; Panama City 0 - Seattle 1
BOTTOM OF THE 6TH
Seattle Rocketeers batting - Pitching for Panama City Piranhas : RHP Román Mejía
Batting: RHB Claudio Tappen 0-0: Foul Ball, location: 2F
0-1: Ball
1-1: Foul Ball, location: 2F
1-2: Ball
2-2: Ball
3-2: Foul Ball, location: 2F
3-2: Strikes out looking
Batting: LHB Thierry Honoré 0-0: Ball
1-0: Ball
2-0: Ground out 4-3 (Groundball, 4, EV 84.4 MPH)
Batting: RHB Alain Grosjean 0-0: Ground out 3-1 (Groundball, 34, EV 80.6 MPH)
Bottom of the 6th over - 0 runs, 0 hits, 0 errors, 0 left on base; Panama City 0 - Seattle 1
TOP OF THE 7TH
Panama City Piranhas batting - Pitching for Seattle Rocketeers : RHP Ren-qing Weng
Batting: RHB Bruno Williams 0-0: Called Strike
0-1: Ground out 6-3 (Groundball, 56, EV 103.8 MPH)
Batting: RHB Craig Tricket 0-0: Called Strike
0-1: Ball
1-1: Ball
2-1: Ground out 6-3 (Groundball, 56, EV 98.8 MPH)
Batting: RHB Silvio Bonauiti 0-0: Ball
1-0: Foul Ball, location: 2F
1-1: Ball
2-1: Fly out, F7 (Flyball, 78M, EV 94.4 MPH)
Top of the 7th over - 0 runs, 0 hits, 0 errors, 0 left on base; Panama City 0 - Seattle 1
BOTTOM OF THE 7TH
Seattle Rocketeers batting - Pitching for Panama City Piranhas : RHP Román Mejía
Batting: LHB Juan Gutiérrez 0-0: SINGLE (Line Drive, 89S, EV 98.1 MPH)
Batting: RHB José Jarca 0-0: Ball
1-0: Sac Bunt to 2L - play at first, batter OUT! 2-4
Juan Gutiérrez to second
Batting: RHB Andrés López 0-0: Swinging Strike
0-1: Foul Ball, location: 2F
0-2: Ball
1-2: Ball
2-2: Ball
3-2: Base on Balls
Pitching: RHP Orynn Veillon
Batting: RHB Jurgen Flurgenburgen 0-0: Ball
1-0: Foul Ball, location: 2F
1-1: Ball
2-1: Fly out, F8 (Line Drive, 8LD, EV 109.4 MPH)
Batting: RHB Bogumil Tiwontschik 0-0: Swinging Strike
0-1: Ball
1-1: Swinging Strike
1-2: Strikes out swinging
Bottom of the 7th over - 0 runs, 1 hit, 0 errors, 2 left on base; Panama City 0 - Seattle 1
TOP OF THE 8TH
Panama City Piranhas batting - Pitching for Seattle Rocketeers : RHP Ren-qing Weng
Batting: SHB Tom Dickinson 0-0: Called Strike
0-1: Ball
1-1: Ball
2-1: SINGLE (Line Drive, 9LM, EV 90.6 MPH)
Batting: SHB Ben Boston 0-0: Foul Ball, location: 2F
0-1: Ball
1-1: Grounds into double play, 4-6-3 (Groundball, 4, EV 90.6 MPH)
Batting: RHB Petri Kallio 0-0: Swinging Strike
0-1: Ball
1-1: Fly out, F8 (Line Drive, 8RM, EV 90.0 MPH)
Top of the 8th over - 0 runs, 1 hit, 0 errors, 0 left on base; Panama City 0 - Seattle 1
BOTTOM OF THE 8TH
Seattle Rocketeers batting - Pitching for Panama City Piranhas : RHP Orynn Veillon
Batting: RHB Meester Gobbles-Rooster 0-0: Called Strike
0-1: Swinging Strike
0-2: Ball
1-2: Ground out 4-3 (Groundball, 4, EV 99.4 MPH)
Batting: RHB Claudio Tappen 0-0: Ground out 6-3 (Groundball, 6, EV 103.8 MPH)
Batting: LHB Thierry Honoré 0-0: Called Strike
0-1: Ball
1-1: Ball
2-1: Called Strike
2-2: Strikes out swinging
Bottom of the 8th over - 0 runs, 0 hits, 0 errors, 0 left on base; Panama City 0 - Seattle 1
TOP OF THE 9TH
Panama City Piranhas batting - Pitching for Seattle Rocketeers : RHP Ren-qing Weng
Pitching: RHP Dragutin Petrovic
Batting: LHB Nathan Tanner 0-0: Ball
1-0: Ball
2-0: Ball
3-0: Swinging Strike
3-1: Foul Ball, location: 2F
3-2: Strikes out looking
Batting: LHB Murray Sperber 0-0: Swinging Strike
0-1: Called Strike
0-2: Ball
1-2: Ball
2-2: Strikes out swinging
Batting: RHB Quindarious Monday 0-0: SINGLE (Groundball, 6S, EV 65.0 MPH) (infield hit)
Batting: RHB Bruno Williams 0-0: Ball
1-0: Ball
2-0: Ball
3-0: Called Strike
3-1: Foul Ball, location: 2F
3-2: Strikes out swinging
Top of the 9th over - 0 runs, 1 hit, 0 errors, 1 left on base; Panama City 0 - Seattle 1
Friday, April 17th, 2020 - OOTP Baseball 20.8 Build 74